 Dungeon Crawl Stone Soup version 0.31.0-11-ge490571c62 (webtiles) character file.

Game seed: 16259363459102472007

58 browni3141 the Trooper (level 3, -6/34 HPs)
             Began as a Minotaur Fighter on Jan 28, 2024.
             Mangled by an ogre
             ... wielding a +0 giant club
              (23 damage)
             ... on level 3 of the Dungeon.
             The game lasted 00:00:29 (755 turns).

browni3141 the Trooper (Minotaur Fighter)            Turns: 755, Time: 00:00:29

Health: -6/34      AC:  6    Str: 22    XL:     3   Next: 76%
Magic:  2/2        EV:  9    Int:  5    God:
Gold:   49         SH:  4    Dex:  9    Spells: 2/2 levels left

rFire   . . .        a - +0 war axe
rCold   . . .        c - +0 buckler
rNeg    . . .        b - +0 scale mail
rPois   .            (helmet restricted)
rElec   .            (no cloak)
rCorr   .            (no gloves)
SInv    +            (no boots)
Will    .....        (no amulet) Stlth
                     j - ring of see invisible
HPRegen 0.25/turn    (no ring)
MPRegen 0.08/turn

%: no passive effects
@: no status effects
A: horns 2, retaliatory headbutt
a: no special abilities


You were on level 3 of the Dungeon.
You visited 1 branch of the dungeon, and saw 3 of its levels.

You collected 49 gold pieces.

Inventory:

Hand Weapons
 a - a +0 war axe (weapon)
Armour
 b - a +0 scale mail (worn)
 c - a +0 buckler (worn)
Jewellery
 f - a ring of wizardry
 j - a ring of see invisible (left hand)
Scrolls
 g - a scroll of revelation {unknown}
 i - a scroll of enchant armour {unknown}
Potions
 d - a potion of might
 e - a potion of enlightenment {unknown}
 h - a potion of degeneration {unknown}
 k - a potion of lignification {unknown}


   Skills:
 + Level 4.4 Fighting
 * Level 4.3 Axes
 - Level 3.6 Armour
 - Level 3.6 Shields


You had 2 spell levels left.
You didn't know any spells.
Your spell library was empty.

Dungeon Overview and Level Annotations

Branches:
Dungeon (3/15)

Altars:

Shops:
D:2 [


Innate Abilities, Weirdness & Mutations

You have a pair of horns on your head.
You reflexively headbutt those who attack you in melee.


Message History

The ribbon worm is severely wounded.
You slash the rat!
You kill the rat!
The ribbon worm barely misses you. You furiously retaliate!
You headbutt the ribbon worm!
You kill the ribbon worm!
Your Fighting skill increases to level 4!
HP restored.
There is a stone staircase leading down here.
Found an escape hatch in the ceiling.
No target in view!
Found Erex's Armour Shoppe.
No target in view!
There is an entrance to Erex's Armour Shoppe here.
You can access your shopping list by pressing '$'.
There is a stone staircase leading down here.
You climb downwards.
There is a stone staircase leading up here.
j - a ring of see invisible
Found a stone staircase leading up.
No target in view!
No target in view!
No target in view!
Key pressed, stopping explore.
No target in view!
j - a ring of see invisible (left hand)
k - a lumpy white potion A gnoll comes into view.
It is wielding a +0 spear.
The gnoll shouts!
A gnoll comes into view. It is wielding a +0 club.
There are monsters nearby!
There are monsters nearby!
There are monsters nearby!
The gnoll shouts!
A gnoll comes into view. It is wielding a +0 club.
You block the gnoll's attack. The gnoll hits you but does no damage.
The gnoll closely misses you.
You closely miss the gnoll. You barely miss the gnoll.
The gnoll hits you with a +0 club. The gnoll hits you but does no damage.
You closely miss the gnoll. You hit the gnoll. x2
The gnoll barely misses you. You furiously retaliate!
You headbutt the gnoll! The gnoll barely misses you. You furiously retaliate!
You headbutt the gnoll. The gnoll hits you with a +0 spear.
The gnoll closely misses you. You block the gnoll's attack.
The gnoll hits you with a +0 club.
You slash the gnoll!
You kill the gnoll!
You slash the gnoll!
You kill the gnoll!
You closely miss the gnoll. You block the gnoll's attack.
Your Axes skill increases to level 4!
You have reached level 3!
Your experience leads to an increase in your attributes!
Increase (S)trength, (I)ntelligence, or (D)exterity?
You feel stronger. x2
You hit the gnoll. You headbutt the gnoll!
You kill the gnoll!
No target in view!
No target in view!
A gnoll comes into view. It is wielding a +0 whip.
A gnoll is nearby!
A gnoll is nearby!
A gnoll is nearby!
The gnoll shouts!
You see here a +0 club.
You slash the gnoll!
The gnoll is almost dead.
A bat comes into view.
The gnoll hits you but does no damage. The gnoll barely misses you.
You furiously retaliate!
You headbutt the gnoll!
You kill the gnoll!
Things that are here:
a +0 whip; a gnoll corpse You slash the bat!
You kill the bat!
You see here a bat corpse.
No target in view!
No target in view!
No target in view!
An ogre comes into view. It is wielding a +0 giant club.
Found a scroll labelled SOORUHORHO.
Found a stone staircase leading down.
The ogre shouts!
An ogre is nearby!
An ogre is nearby!
An ogre is nearby!
You slash the ogre!
The ogre is heavily wounded.
The ogre hits you with a +0 giant club!!
Ouch! That really hurt!
You slash the ogre! Your headbutt misses the ogre.
The ogre is severely wounded.
The ogre barely misses you.
You hit the ogre but do no damage. You headbutt the ogre.
The ogre is almost dead.
The ogre barely misses you. You furiously retaliate!
You headbutt the ogre, but do no damage.
You barely miss the ogre. Your headbutt misses the ogre.
The ogre is almost dead.
The ogre hits you with a +0 giant club!!
Ouch! That really hurt!
You die...

.# ##...#. ... .....
#.##..>. ....... ..#.# #
#....# #.#.#.# .#
.#.#....###.#.#.#..#
......O..##.#.#.#..##
.......@.##.#........
.#........#.#........
#?.......#.#...........
.?......................
.#..#.....#.#.#.........
..............#.#.......
.#####......###.#.....#
#........#.#.....#
......#.#.#.#...))#


You could see an ogre.

Vanquished Creatures
  4 gnolls (D:3)
  A ribbon worm (D:2)
  An endoplasm (D:1)
  A giant cockroach (D:1)
  4 jackals (D:1)
  A ball python (D:1)
  A bat (D:3)
  2 frilled lizards (D:1)
  3 goblins (D:1)
  A kobold (D:1)
  2 rats (D:2)
21 creatures vanquished.

Notes
Turn   | Place    | Note
-------+----------+-------------------------------------------
     0 | D:1      | browni3141 the Minotaur Fighter began the quest for the
                  | Orb.
     0 | D:1      | Reached XP level 1. HP: 19/19 MP: 0/0
   100 | D:1      | Reached XP level 2. HP: 27/27 MP: 1/1
   658 | D:2      | Found Erex's Armour Shoppe.
   722 | D:3      | Reached XP level 3. HP: 29/33 MP: 2/2
   748 | D:3      | Noticed an ogre
   755 | D:3      | Mangled by an ogre

Illustrated notes

Levels and vault maps discovered:
D:1:      lemuel_arrival_muddy, layout_loops_ring, minmay_crystal_room,
          grunt_decor_one_mirror, minivault_26, nicolae_wormholes
D:2:      layout_loops_ring, serial_shops, shop,
          corexii_item_surrounded_by_moat, st_stairs_13
D:3:      layout_basic, lemuel_tele_altar, okawaru_ov_weapons_minmay,
          minmay_misc_feat_four_crosses, kennysheep_generic_room_6

Skill      XL: |  1  2 |
---------------+-------+-----
Axes           | 3 4 |  4.3
Fighting       | 4 |  4.4
Armour         | |  3.6
Shields        | |  3.6

Action                     || total
---------------------------++-------
  Melee: War axe           ||    50
         Headbutt          ||    10
 Armour: Scale mail        ||    36
  Dodge: Dodged            ||    24
  Block: Buckler           ||    13
